 Dungeon Crawl Stone Soup version 0.31.0-11-ge490571c62 (webtiles) character file.

Game seed: 362718787751638789

314 qw the Ducker (level 6, -6/30 HPs)
             Began as a Spriggan Hunter on Feb 4, 2024.
             Mangled by a ribbon worm (7 damage)
             ... on level 4 of the Dungeon.
             The game lasted 00:00:33 (2970 turns).

qw the Ducker (Spriggan Hunter)                     Turns: 2970, Time: 00:00:34

Health: -6/30      AC:  2    Str:  7    XL:     6   Next: 19%
Magic:  7/7        EV:  8    Int: 11    God:
Gold:   259        SH:  0    Dex: 20    Spells: 5/5 levels left

rFire   . . .        i - +0 orcbow
rCold   . . .        (shield currently unavailable)
rNeg    . . .        c - +0 robe
rPois   +            (helmet restricted)
rElec   .            (no cloak)
rCorr   +            (gloves unavailable)
SInv    +            (boots unavailable)
Will    +....        (no amulet)
Stlth   ++           g - ring of poison resistance
HPRegen 0.25/turn    h - ring of resist corrosion
MPRegen 0.10/turn

%: no passive effects
@: about to teleport, held, constricted, very quick
A: very small, no large weapons, unfitting armour, see invisible, speed 3
a: no special abilities


You were on level 4 of the Dungeon.
You visited 1 branch of the dungeon, and saw 4 of its levels.

You collected 259 gold pieces.


Innate Abilities, Weirdness & Mutations

You are very small and have problems with some larger weapons.
You are too small for most types of armour.
You have supernaturally acute eyesight. (SInv)
You cover ground extremely quickly. (Speed+++)


   Skills:
 - Level 2.0 Fighting
 + Level 6.0 Ranged Weapons
 - Level 6.1 Dodging
 - Level 1.5 Stealth


You had 5 spell levels left.
You didn't know any spells.
Your spell library was empty.

Inventory:

Hand Weapons
 i - a +0 orcbow (weapon)
Armour
 c - a +0 robe (worn)
Jewellery
 a - a +6 ring of strength
 g - a ring of poison resistance (left hand)
 h - a ring of resist corrosion (right hand)
Scrolls
 b - 5 scrolls of identify
 e - 2 scrolls of enchant armour
Potions
 f - 4 potions of curing
 j - a potion of might {unknown}
 k - a potion of brilliance {unknown}
 l - 2 potions of heal wounds {unknown}

Dungeon Overview and Level Annotations

Branches:
Dungeon (4/15)
 Temple: D:4-7

Altars:
Fedhas
Hepliaklqana
Makhleb
Xom

Shops:
D:3 =

Annotations:
D:3 1 runed translucent door, Crazy Yiuf


Message History

The goblin misses you.
You shoot an arrow. The arrow closely misses the goblin.
The arrow closely misses the ball python.
The goblin closely misses you.
You shoot an arrow. The arrow hits the goblin!
You kill the goblin!
The ribbon worm expels a string of sticky webbing.
The stream of webbing hits you but does no damage.
You are caught in a web!
You struggle to detach yourself from the web.
The ball python bites you. The ball python closely misses you.
The ball python closely misses you. The ball python grabs you.
The ball python constricts you.
The ribbon worm expels a string of sticky webbing.
The stream of webbing hits you but does no damage.
You are even more entangled.
The ball python bites you but does no damage.
The ball python constricts you. The ball python bites you.
The ball python constricts you. The ribbon worm bites you.
The ball python bites you but does no damage.
The ball python constricts you. The ball python barely misses you.
The ball python constricts you. The ribbon worm bites you!
The ball python bites you. The ball python constricts you.
The ribbon worm bites you.
The ball python bites you but does no damage.
The ball python constricts you.
The ribbon worm expels a string of sticky webbing.
The stream of webbing misses you. The ball python closely misses you.
The ball python constricts you.
2968 ||| READING scroll of teleportation.
As you read the scroll of teleportation, it crumbles to dust.
You feel strangely unstable. The ball python bites you.
The ball python constricts you. The ribbon worm completely misses you.
The ball python bites you. The ball python constricts you.
The ball python bites you. The ball python constricts you.
The ribbon worm bites you!
You die...

## #######.###....# #..
#..##.......#... #...
###...........#...
#....##.................
#...........##....)...#.
.....##......#.......###
..... #......#.........#
......#.....##..........
#......@....#...........
#.!....wS..........)....
...#...............#....
#...........)..#...#....
...............#...#.#..
....)..........##.#..#..
.#............. ##.#..
#....##.......


You could see a ribbon worm and a ball python.

Vanquished Creatures
  A centaur (D:4)
  An orc priest (D:4)
  Jessica (D:2)
  An iguana (D:4)
  7 gnolls
  An adder (D:4)
  A dart slug (D:3)
  A ribbon worm (D:2)
  2 orcs (D:4)
  6 endoplasms
  3 giant cockroaches
  7 goblins
  6 hobgoblins
  5 kobolds
  5 quokkas
  6 ball pythons
  5 bats
  8 frilled lizards
  3 rats (D:1)
70 creatures vanquished.

Notes
Turn   | Place    | Note
-------+----------+-------------------------------------------
     0 | D:1      | qw the Spriggan Hunter began the quest for the Orb.
     0 | D:1      | Reached XP level 1. HP: 10/10 MP: 2/2
     0 | D:1      | 0 ||| qw: Version: 0.3-a-160-g6735b56
     0 | D:1      | 0 ||| qw: Game counter: 5746
     0 | D:1      | 0 ||| qw: Melee chars always use a shield: true
     0 | D:1      | 0 ||| qw: God list: Okawaru
     0 | D:1      | 0 ||| qw: Allow faded altars: false
     0 | D:1      | 0 ||| qw: Do Orc after clearing Dungeon:15 true
     0 | D:1      | 0 ||| qw: Do second Lair branch before Depths: true
     0 | D:1      | 0 ||| qw: Lair rune preference: random
     0 | D:1      | 0 ||| qw: Goals: Normal
     0 | D:1      | 0 ||| PLANNING D:1-11
    41 | D:1      | Reached skill level 3 in Dodging
   228 | D:1      | Reached XP level 2. HP: 14/14 MP: 3/3
   556 | D:1      | 556 ||| READING scroll labelled RUTOGE SOWN.
   556 | D:1      | 556 ||| IDENTIFYING 2 black potions
   557 | D:1      | 557 ||| READING scroll labelled BOCIFO SANE.
   558 | D:1      | 558 ||| READING scroll labelled WACANE JOLU.
   562 | D:1      | 562 ||| DROPPING scroll of butterflies.
   640 | D:2      | Reached XP level 3. HP: 18/18 MP: 4/4
   681 | D:2      | Noticed Jessica
   682 | D:2      | Killed Jessica
   688 | D:2      | Reached XP level 4. HP: 22/22 MP: 5/5
   755 | D:2      | Found a faded altar of an unknown god.
  1214 | D:2      | 1214 ||| UPGRADING to ring of poison resistance.
  1215 | D:2      | 1215 ||| UPGRADING to ring of resist corrosion.
  1216 | D:2      | 1216 ||| READING 4 scrolls of identify.
  1216 | D:2      | 1216 ||| IDENTIFYING scroll labelled HOESCHA IN YWAD
  1340 | D:3      | Found Zakhaila's Jewellery Emporium.
  1351 | D:3      | 1351 ||| SHOPLISTING amulet of faith (560 gold, have 160).
  1351 | D:3      | 1351 ||| SHOPLISTING amulet of reflection (420 gold, have
                  | 160).
  1351 | D:3      | 1351 ||| SHOPLISTING amulet of the acrobat (420 gold, have
                  | 160).
  1351 | D:3      | 1351 ||| SHOPLISTING ring of ice (350 gold, have 160).
  1351 | D:3      | 1351 ||| SHOPLISTING ring of protection from cold (350
                  | gold, have 160).
  1400 | D:3      | Found a runed translucent door.
  1401 | D:3      | Noticed Crazy Yiuf
  2118 | D:3      | 2118 ||| READING 5 scrolls of identify.
  2118 | D:3      | 2118 ||| IDENTIFYING scroll labelled NEOSKE IMYHE
  2119 | D:3      | 2119 ||| DROPPING scroll of fear.
  2131 | D:4      | Noticed a centaur
  2135 | D:4      | 2135 ||| STAIRDANCE
  2192 | D:4      | 2192 ||| STAIRDANCE
  2252 | D:4      | 2252 ||| STAIRDANCE
  2294 | D:4      | 2294 ||| STAIRDANCE
  2325 | D:4      | 2325 ||| STAIRDANCE
  2390 | D:4      | 2390 ||| STAIRDANCE
  2453 | D:4      | 2453 ||| STAIRDANCE
  2508 | D:4      | 2508 ||| STAIRDANCE
  2573 | D:4      | 2573 ||| STAIRDANCE
  2622 | D:4      | Killed a centaur
  2623 | D:4      | Reached XP level 5. HP: 26/26 MP: 6/6
  2637 | D:4      | 2637 ||| SWAPPING to +0 orcbow.
  2638 | D:4      | 2638 ||| DROPPING +0 shortbow.
  2646 | D:4      | Reached skill level 6 in Ranged Weapons
  2705 | D:4      | Found a hazy altar of Hepliaklqana.
  2706 | D:4      | Found a blossoming altar of Fedhas.
  2707 | D:4      | Found a shimmering altar of Xom.
  2707 | D:4      | Found a burning altar of Makhleb.
  2726 | D:4      | 2726 ||| FLEEEEING.
  2728 | D:4      | 2728 ||| FLEEEEING.
  2729 | D:4      | 2729 ||| FLEEEEING.
  2731 | D:4      | 2731 ||| FLEEEEING.
  2732 | D:4      | 2732 ||| FLEEEEING.
  2734 | D:4      | 2734 ||| FLEEEEING.
  2735 | D:4      | 2735 ||| FLEEEEING.
  2736 | D:4      | 2736 ||| FLEEEEING.
  2740 | D:4      | 2740 ||| FLEEEEING.
  2750 | D:4      | Reached XP level 6. HP: 25/30 MP: 7/7
  2957 | D:4      | Reached skill level 6 in Dodging
  2967 | D:4      | HP: 7/30 [constriction (1)]
  2968 | D:4      | 2968 ||| READING scroll of teleportation.
  2970 | D:4      | HP: 2/30 [ball python (2)]
  2970 | D:4      | Mangled by a ribbon worm

Levels and vault maps discovered:
D:1:      erik_arrival_blinker_ship, layout_basic
D:2:      layout_loops_ring, shapermc_ecumenical_altar_notcrosses, uniq_jessica
D:3:      layout_basic, serial_shops, shop, amcnicky_mini_rare_corridor_liquid,
          uniq_crazy_yiuf_cottage
D:4:      layout_cave_pools, chequers_temple_overflow_statue_of_worship

Skill      XL: |  1  2  3  4  5  6 |
---------------+-------------------+-----
Dodging        | 3 4 5 6 |  6.1
Ranged Weapons | 5 6 |  6.0
Fighting       | 2 |  2.0
Stealth        | |  1.5

Action                     |  1- 3 |  4- 6 || total
---------------------------+-------+-------++-------
   Fire: Shortbow          |    73 |    70 ||   143
         Orcbow            |       |    38 ||    38
    Use: Scroll            |     3 |     3 ||     6
 Armour: Robe              |     1 |    29 ||    30
  Dodge: Dodged            |     7 |    79 ||    86

Table legend:
 A = Non-vault XP
 B = Vault XP
 C = Vault XP percentage of total XP
 D = Non-vault monster count
 E = Vault monster count
 F = Vault count percentage of total count
                 A         B        C        D         E       F
            +---------+---------+-------+---------+---------+-------
      Total |     412 |      37 |   8.2 |      69 |       1 |   1.4
            +---------+---------+-------+---------+---------+-------
        D:1 |      34 |       0 |   0.0 |      22 |       0 |   0.0
        D:2 |      90 |      37 |  29.1 |      22 |       1 |   4.3
        D:3 |      24 |       0 |   0.0 |      13 |       0 |   0.0
        D:4 |     264 |       0 |   0.0 |      12 |       0 |   0.0
            +---------+---------+-------+---------+---------+-------
